 Dungeon Crawl Stone Soup version 0.27-a0-1191-g601b473118 (webtiles) character file.

Game seed: 9192500404286792455

380 polve the Slasher (level 6, -3/44 HPs)
             Began as a Demonspawn Gladiator on May 23, 2021.
             Was a Believer of Uskayaw.
             Shot with a stone by a goblin (4 damage)
             ... on level 4 of the Dungeon.
             The game lasted 00:02:19 (4408 turns).

polve the Slasher (Demonspawn Gladiator)            Turns: 4408, Time: 00:02:20

Health: -3/44      AC: 11    Str: 16    XL:     6   Next: 46%
Magic:  6/6        EV:  4    Int:  9    God:    Uskayaw [**....]
Gold:   158        SH:  5    Dex: 19    Spells: 5/5 levels left

rFire    + . .     SeeInvis .   a - +0 long sword
rCold    x . .     Faith    .   r - +0 buckler
rNeg     . . .     Spirit   .   s - +0 plate armour
rPois    +         Reflect  .   c - +0 helmet
rElec    .         Harm     .   (no cloak)
rCorr    .         Rampage  .   (no gloves)
Will     .....                  (no boots)
Stlth    ..........             (no amulet)
HPRegen  0.14/turn              j - ring of fire
MPRegen  0.10/turn              m - ring of poison resistance

@: no status effects
A: hooves 1, thin skeletal structure 2
a: Renounce Religion, Stomp, Line Pass


You were on level 4 of the Dungeon.
You worshipped Uskayaw.
Uskayaw was noncommittal.
You visited 2 branches of the dungeon, and saw 5 of its levels.

You collected 158 gold pieces.

Inventory:

Hand Weapons
 a - a +0 long sword (weapon)
Missiles
 d - 3 throwing nets (quivered)
Armour
 c - a +0 helmet (worn)
 r - a +0 buckler (worn)
 s - a +0 plate armour (worn)
Jewellery
 j - a ring of fire (left hand)
 m - a ring of poison resistance (right hand)
Scrolls
 b - a scroll of vulnerability {unknown}
 l - a scroll of enchant armour {unknown}
 n - a scroll of summoning {unknown}
 o - a scroll of blinking {unknown}
 p - a scroll of teleportation {unknown}
Potions
 e - a potion of flight {unknown}
 f - 3 potions of curing
 g - 3 potions of heal wounds {unknown}
 h - a potion of lignification {unknown}
 i - a potion of brilliance {unknown}
 k - a potion of berserk rage {unknown}
 q - a potion of degeneration {unknown}


   Skills:
 - Level 2.0 Fighting
 + Level 6.4 Long Blades
 - Level 1.7 Throwing
 - Level 2.6 Dodging
 + Level 1.6 Shields


You had 5 spell levels left.
You didn't know any spells.
Your spell library contained the following spells:

 Spells                   Type           Power      Damage    Failure   Level
 Summon Small Mammal      Summ           0%         N/A       100%        1
 Call Imp                 Summ           0%         N/A       100%        2
 Call Canine Familiar     Summ           0%         N/A       100%        3
 Summon Guardian Golem    Hex/Summ       0%         N/A       100%        3
 Summon Ice Beast         Ice/Summ       0%         N/A       100%        4
 Summon Lightning Spire   Summ/Air       0%         N/A       100%        4


Dungeon Overview and Level Annotations

Branches:
Dungeon (4/15)             Temple (1/1) D:4

Altars:
Ashenzari
Cheibriados
Dithmenos
Fedhas
Gozag
Kikubaaqudgha
Makhleb
Nemelex Xobeh
Ru
Sif Muna
Uskayaw
Wu Jian
Xom
Zin

Annotations:
D:4 Grinder


Innate Abilities, Weirdness & Mutations

You have large cloven feet.
You have a moderately thin skeletal structure. (Dex +4, Stealth++)


Message History

Grinder is heavily wounded.
Grinder hits you.
You writhe in agony.
Your plate armour prevents you from hitting Grinder.
Grinder is heavily wounded.
A goblin comes into view. It is wielding a +0 club.
Grinder hits you but does no damage.
You closely miss Grinder.
The goblin shouts!
Your kick misses Grinder.
Grinder is heavily wounded.
You hear a shout! x2
Grinder barely misses you.
You riposte.
You hit Grinder but do no damage. You kick Grinder, but do no damage.
Grinder is heavily wounded.
The goblin unwields a +0 club.
The goblin wields a +0 hunting sling.
The goblin shoots a stone.
The stone hits you but does no damage.
You closely miss Grinder.
Grinder is heavily wounded.
Grinder says, "Tell me all your secrets, or I'll kill you."
Grinder completely misses you.
The goblin shoots a stone.
The stone hits you.
You hit Grinder but do no damage. Your kick misses Grinder.
Grinder is heavily wounded.
Grinder hits you.
* * * LOW HITPOINT WARNING * * *
You writhe in agony.
* * * LOW HITPOINT WARNING * * *
The goblin shoots a stone.
You block the stone.
You completely miss Grinder. You kick Grinder.
Grinder is heavily wounded.
Grinder hits you but does no damage.
An adder skeleton comes into view.
The goblin shoots a stone.
You block the stone.
You closely miss Grinder.
Grinder is heavily wounded.
Grinder hits you.
* * * LOW HITPOINT WARNING * * *
You writhe in agony.
* * * LOW HITPOINT WARNING * * *
The goblin shoots a stone.
The stone hits you.
You die...

#.....####.#
#......##..##
#....##.....#
##.###..###...#
###..######..#
##...##.......#
#..##.........#
###..†.........
#.@............
#.5.........
#...........
#...........
#...........
............
#.......gZ
#.........


You could see Grinder, a goblin and an adder skeleton.

Vanquished Creatures
  A phantom (D:4)
  A scorpion (D:4)
  A hound (D:3)
  Jessica (D:2)
  3 iguanas
  5 adders
  3 worms (D:3)
  2 dart slugs
  3 orcs
  6 endoplasms
  A giant cockroach (D:3)
  2 goblins
  3 hobgoblins
  7 jackals (D:3)
  3 quokkas
  5 ball pythons
  4 bats
  2 frilled lizards (D:2)
  4 kobolds
  6 rats
63 creatures vanquished.

Notes
Turn   | Place    | Note
-------+----------+-------------------------------------------
     0 | D:1      | polve the Demonspawn Gladiator began the quest for the Orb.
     0 | D:1      | Reached XP level 1. HP: 16/16 MP: 1/1
   345 | D:1      | Reached skill level 3 in Long Blades
   870 | D:2      | Gained mutation: You have large cloven feet. [demonic
                  | ancestry]
   870 | D:2      | Reached XP level 2. HP: 21/22 MP: 2/2
   903 | D:2      | Noticed Jessica
   909 | D:2      | Killed Jessica
   910 | D:2      | Reached skill level 4 in Long Blades
   910 | D:2      | Gained mutation: You have a somewhat thin skeletal
                  | structure. (Dex +2, Stealth+) [demonic ancestry]
   910 | D:2      | Reached XP level 3. HP: 20/27 MP: 3/3
  1451 | D:2      | Found a faded altar of an unknown god.
  2236 | D:3      | Reached XP level 4. HP: 29/33 MP: 4/4
  2339 | D:3      | Found a burning altar of Makhleb.
  2603 | D:3      | Reached skill level 5 in Long Blades
  2787 | D:3      | Reached XP level 5. HP: 9/38 MP: 5/5
  3123 | D:3      | Found an ancient bone altar of Kikubaaqudgha.
  3420 | D:4      | Noticed a phantom
  3431 | D:4      | Killed a phantom
  3432 | D:4      | Reached skill level 6 in Long Blades
  3642 | D:4      | Gained mutation: You have a moderately thin skeletal
                  | structure. (Dex +4, Stealth++) [demonic ancestry]
  3642 | D:4      | Reached XP level 6. HP: 33/44 MP: 6/6
  3908 | D:4      | Found a staircase to the Ecumenical Temple.
  3927 | D:4      | Reached skill level 1 in Shields
  4156 | Temple   | Entered the Ecumenical Temple
  4222 | Temple   | Became a worshipper of Uskayaw the Reveller
  4236 | D:4      | Reached * piety under Uskayaw
  4392 | D:4      | Noticed Grinder
  4392 | D:4      | Paralysed by Grinder for 6 turns
  4401 | D:4      | Reached ** piety under Uskayaw
  4408 | D:4      | HP: 1/44 [Grinder (6)]
  4408 | D:4      | Shot with a stone by a goblin

Illustrated notes

Levels and vault maps discovered:
D:1:      lightli_arrival_maybe_door_vault, layout_basic
D:2:      layout_basic, shapermc_ecumenical_altar_venn, uniq_jessica
D:3:      kb_forest_paths, layout_basic, general_overflow_altar,
          old_standard_altar, grunt_ministairs_7, amcnicky_mini_pool_small
D:4:      minmay_diamond_boxcup, layout_cave_pods,
          nicolae_hepliaklqana_monster_ancestors, minmay_temple_entry_ruins,
          nrook_campfire, minivault_24, uniq_grinder
Temple:   nicolae_temple_x_marks_the_god

Skill      XL: |  1  2  3  4  5  6 |
---------------+-------------------+-----
Long Blades    | 3 4 5 6 |  6.4
Shields        | 1 |  1.6
Fighting       | |  2.0
Throwing       | |  1.7
Dodging        | |  2.6

Action                   |  1- 3 |  4- 6 || total
-------------------------+-------+-------++-------
Melee: Long sword        |    51 |   121 ||   172
       Kick              |    12 |    42 ||    54
  Use: Potion            |       |     1 ||     1
 Stab: Sleeping          |     6 |     4 ||    10
Armor: Leather armour    |    20 |    28 ||    48
       Plate armour      |       |    19 ||    19
Dodge: Dodged            |    79 |    65 ||   144
Block: Buckler           |       |    11 ||    11
       Rpst.: Long sword |    32 |    21 ||    53

Table legend: (Time is in decaauts)
 A = Elapsed time spent in this place.
 B = Non-inter-level travel time spent in this place.
 C = Inter-level travel time spent in this place.
 D = Time resting spent in this place.
 E = Time spent auto-exploring this place.
 F = Levels seen in this place.
 G = Mean time per level.
                   A        B        C        D        E       F      G
               +--------+--------+--------+--------+--------+-----+--------+
         Total |   4440 |   4371 |     69 |      0 |   3666 |   5 |  888.0 |
       Dungeon |   4363 |   4318 |     45 |      0 |   3616 |   4 | 1090.8 |
        Temple |     76 |     52 |     24 |      0 |     50 |   1 |   76.0 |
               +--------+--------+--------+--------+--------+-----+--------+

Top non-repeatable levels by time:
     D:3: 1565 daAuts
     D:2: 1003 daAuts
     D:4: 921 daAuts
     D:1: 873 daAuts
  Temple: 76 daAuts
